 Dungeon Crawl Stone Soup version 0.31-a0-4-gefa6de2278 (console) character file.

Game seed: 9025242386413406283

523818 jejorda2 the Merfolkian Porcupine (level 25, -5/331 HPs)
             Began as a Merfolk Berserker on May 4, 2023.
             Was a High Priest of Trog.
             Slain by a green draconian monk (13 damage)
             ... on level 1 of the Realm of Zot.
             The game lasted 03:24:15 (49089 turns).

jejorda2 the Merfolkian Porcupine (MfBe)           Turns: 49089, Time: 03:24:16

Health: -5/331     AC: 47    Str: 26    XL:     25   Next: 38%
Magic:  23/23      EV:  9    Int:  8    God:    Trog [*****.]
Gold:   4459       SH:  0    Dex: 15    Spells: 24/24 levels left

rFire   + + .        a - +5 glaive {elec, spectral, AC+5}
rCold   + + +        (shield currently unavailable)
rNeg    . . .        B - +9 scales of the Dragon King {rPois rF+ rC+ Will+}
rPois   +            W - +2 helmet {SInv}
rElec   +            f - +1 cloak of Ashenzari's Vengeance {Fly Regen+ Stlth+}
rCorr   .            J - +0 pair of gloves "Ihami" {Regen+}
SInv    +            h - -1 pair of boots of Ukoqedgh {Fly rElec Regen+ SInv}
Will    +++++        I - amulet "Luuddoatuff" {Faith rC++} Stlth
                     v - ring "Puhaogh" {Contam rPois Will+ SInv}
HPRegen 4.15/turn    V - ring of protection from fire
MPRegen 0.18/turn

%: faith
@: berserking, strong-willed, flying, regenerating, constricted, very quick
A: (nimble swimmer 2), mertail
}: 3/15 runes: decaying, serpentine, silver
a: Renounce Religion, Berserk, Trog's Hand, Brothers in Arms


You were on level 1 of the Realm of Zot.
You worshipped Trog.
Trog was extremely pleased with you.
You visited 9 branches of the dungeon, and saw 43 of its levels.
You also visited: Gauntlet, Ice Cave and Volcano.

You collected 7355 gold pieces.
You spent 2896 gold pieces at shops.

Inventory:

Hand Weapons
 a - the +5 glaive of the Guard (weapon) {elec, spectral, AC+5}
   (You bought it in a shop on level 3 of the Vaults)

   AC:        It affects your AC (+5).
 b - a +6 antimagic glaive
Missiles
 c - 7 boomerangs
 p - 58 poisoned darts
 w - 4 datura-tipped darts
 y - 18 curare-tipped darts
 C - 8 throwing nets
 M - 13 javelins (quivered)
 Y - 4 atropa-tipped darts
 Z - 11 silver javelins
Armour
 f - the +1 cloak of Ashenzari's Vengeance (worn) {Fly Regen+ Stlth+}
   (You bought it in a shop on level 2 of the Orcish Mines)

   Fly:       It grants you flight.
   Regen:     It increases your rate of health regeneration.
   Stlth:     It makes you more stealthy.
 h - the -1 pair of boots of Ukoqedgh (worn) {Fly rElec Regen+ SInv}
   (You found it on level 3 of the Depths)

   rElec:     It insulates you from electricity.
   SInv:      It lets you see invisible.
   Fly:       It grants you flight.
   Regen:     It increases your rate of health regeneration.
 B - the +9 scales of the Dragon King (worn) {rPois rF+ rC+ Will+}
   (You took it off a deep elf high priest on level 3 of the Elven Halls)

   rF:        It protects you from fire.
   rC:        It protects you from cold.
   rPois:     It protects you from poison.
   Will:      It increases your willpower.
 J - the +0 pair of gloves "Ihami" (worn) {Regen+}
   (You acquired it on level 14 of the Dungeon)

   Regen:     It increases your rate of health regeneration.
 W - a +2 helmet of see invisible (worn)
Jewellery
 v - the ring "Puhaogh" (left hand) {Contam rPois Will+ SInv}
   (You found it in a Gauntlet)

   [ring of see invisible]

   rPois:     It protects you from poison.
   SInv:      It lets you see invisible.
   Contam:    It causes magical contamination when unequipped.
   Will:      It increases your willpower.
 I - the amulet "Luuddoatuff" (around neck) {Faith rC++}
   (You found it on level 3 of the Depths)

   [amulet of faith]

   It allows you to gain divine favour quickly.
   rC:        It greatly protects you from cold.
 Q - a ring of positive energy
 V - a ring of protection from fire (right hand)
 X - a ring of resist corrosion
Wands
 j - a wand of mindburst (48)
 l - a wand of digging (23)
 s - a wand of flame (103)
 H - a wand of charming (44)
 K - a wand of roots (40)
 L - a wand of polymorph (24)
 O - a wand of quicksilver (34)
Scrolls
 d - 15 scrolls of teleportation
 e - 6 scrolls of blinking
 n - 4 scrolls of fog
 q - 4 scrolls of magic mapping
 t - 8 scrolls of poison
 D - 9 scrolls of immolation
 P - 2 scrolls of summoning
 R - 4 scrolls of fear
 U - a scroll of silence
Potions
 g - 2 potions of invisibility
 i - 6 potions of might
 k - 11 potions of cancellation
 m - a potion of resistance
 o - a potion of ambrosia
 r - 15 potions of curing
 u - 15 potions of mutation
 z - 6 potions of haste
 A - 10 potions of flight
 F - 8 potions of heal wounds
 S - 11 potions of attraction
Miscellaneous
 G - a condenser vane
 N - a phial of floods
 T - a lightning rod (4/4)


   Skills:
 * Level 23.5 Fighting
 O Level 27 Polearms
 - Level 16.0 Throwing
 + Level 21.8 Armour
 - Level 13.3 Dodging
 - Level 6.0 Stealth
 - Level 14.3 Evocations


You had 24 spell levels left.
You didn't know any spells.
Your spell library was empty.

Dungeon Overview and Level Annotations

Branches:
Dungeon (15/15)            Temple (0/1) D:7            Lair (5/5) D:8
  Swamp (4/4) Lair:3        Snake (4/4) Lair:3        Slime (0/5) Lair:4
    Orc (2/2) D:9             Elf (3/3) Orc:2        Vaults (5/5) D:14
  Crypt (0/3) Vaults:3     Depths (4/4) D:15            Zot (1/5) Depths:4
  IceCv (visited)         Volcano (visited)         Gauntlet (visited)

Altars:
Ashenzari
Cheibriados
Dithmenos
Fedhas
Kikubaaqudgha
Makhleb
Nemelex Xobeh
Okawaru
Qazlal
Ru
Sif Muna
Trog
Vehumet
Wu Jian
Xom
Yredelemnul
The Shining One
Jiyva

Shops:
D:8 *   D:14 :   Orc:2 [(*:*:   Elf:1 **   Elf:3 (   Snake:2 !   Snake:3 !
Vaults:1 *   Vaults:3 (=   Depths:2 :   Depths:4 :=:

Portals:
Hell: Depths:1 Depths:2 Depths:3 Depths:4
Abyss: Depths:3
Pandemonium: Depths:2
Ziggurat: Depths:1

Annotations:
D:15 4 transporters
Lair:2 3 runed translucent doors, jasper's ghost, journeyman DsAE


Innate Abilities, Weirdness & Mutations

((You are very nimble when in or above water. (Stealth+, EV+, Speed+++)))
Your lower body shifts to a powerful aquatic tail in water.


Message History

You slice the tentacled monstrosity!!
The tentacled monstrosity is heavily wounded.
The red draconian hits you but does no damage.
The tentacled monstrosity tentacle-slaps you!!
* * * LOW HITPOINT WARNING * * *
The tentacled monstrosity tentacle-slaps you but does no damage. x2
The tentacled monstrosity constricts you.
* * * LOW HITPOINT WARNING * * *
The green draconian monk hits you but does no damage.
The green draconian monk kicks you but does no damage.
The green draconian monk misses you.
The green draconian monk closely misses you.
The purple draconian hits you but does no damage.
You slice the tentacled monstrosity!!
The tentacled monstrosity is severely wounded.
The red draconian hits you from afar with a +0 glaive!
* * * LOW HITPOINT WARNING * * *
The tentacled monstrosity tentacle-slaps you but does no damage. x2
The tentacled monstrosity tentacle-slaps you.
* * * LOW HITPOINT WARNING * * *
The tentacled monstrosity constricts you.
The green draconian monk hits you!
* * * LOW HITPOINT WARNING * * *
The green draconian monk kicks you but does no damage.
The green draconian monk tail-slaps you but does no damage.
The green draconian monk tail-slaps you!
* * * LOW HITPOINT WARNING * * *
The purple draconian barely misses you.
The purple draconian rages.
You cut the tentacled monstrosity into ribbons!!!
The tentacled monstrosity is almost dead.
The red draconian hits you but does no damage.
The tentacled monstrosity tentacle-slaps you but does no damage. x3
The tentacled monstrosity constricts you.
The green draconian monk barely misses you.
The green draconian monk kicks you.
* * * LOW HITPOINT WARNING * * *
The green draconian monk tail-slaps you but does no damage.
The green draconian monk tail-slaps you!
You die...

### ##### ..##. #...#
##### ..##.. #...# #dX@#
..##..##...###dqd###...
####..##.......yyd.yy...
####..##................
##..................d...
##.......#...#....##....
.........#...#..........
........######..........
........# .#.........


You could see a tentacled monstrosity (berserk), a green draconian monk
(berserk), a yellow draconian (berserk), 2 draconians, a red draconian (berserk)
and 2 moths of wrath.

Vanquished Creatures
  An ancient lich (Vaults:5)
  Sojobo (Depths:3)
  Xtahua (Depths:2)
  5 golden dragons
  2 caustic shrikes (Depths:3)
  the Enchantress (Depths:3)
  3 tentacled monstrosities
  4 liches
  3 quicksilver dragons
  A walking crystal tome (Depths:3)
  2 walking divine tomes (Depths:3)
  3 titans (Vaults:5)
  2 deep elf blademasters (Elf:3)
  A deep elf master archer (Elf:3)
  2 death cobs (Zot:1)
  8 sphinxes
  2 thorn hunters (Swamp:4)
  4 storm dragons
  5 shadow dragons
  Gastronok (Lair:1)
  7 tengu reavers
  3 draconian monks
  Donald (Vaults:4)
  17 fire giants
  6 nagarajas
  A fenstrider witch (Swamp:4)
  5 deep elf sorcerers
  5 iron dragons
  12 frost giants
  Louise (Swamp:4)
  17 vault wardens
  A draconian scorcher (Zot:1)
  A balrug (Depths:2)
  A draconian shifter (Zot:1)
  Aizul (Depths:2)
  A draconian stormcaller (Zot:1)
  A reaper (IceCv)
  4 deep elf elementalists (Elf:3)
  19 ironbound preservers
  A ghoul (Vaults:3)
  2 orc warlords
  7 spriggan defenders
  A draconian annihilator (Depths:4)
  The ghost of pokeman the Sorcerer, a journeyman DEHW of Vehumet (Orc:2)
  20 very ugly things
  3 green draconians
  11 stone giants
  3 war gargoyles
  9 deep elf demonologists
  Nessos (D:12)
  7 vampire knights
  11 ironbound thunderhulks
  2 black draconians (Zot:1)
  5 purple draconians
  3 eleionomae
  3 red draconians
  A yellow draconian (Zot:1)
  6 deep elf annihilators
  The ghost of Juicyj the Blocker, a journeyman MiFi (D:12)
  A minotaur (Gauntlet)
  6 spark wasps
  6 dire elephants
  5 bunyips
  Snorg (D:13)
  19 ettins
  21 yaktaur captains
  An entropy weaver (shapeshifter) (Elf:3)
  7 deep elf death magi
  10 deep elf high priests
  5 fire dragons
  2 merfolk javelineers (Depths:1)
  A crystal guardian (Vaults:4)
  Josephine (D:10)
  29 vault guards
  5 shambling mangroves (Swamp:4)
  2 rakshasas
  3 great orbs of eyes
  A merfolk avatar (Lair:5)
  3 peacekeepers
  2 hell beasts
  Erolcha (D:10)
  Harold (D:9)
  10 hydras
  7 spriggan air magi
  10 ice dragons
  3 salamander tyrants
  9 anacondas
  6 ironbound frosthearts
  8 boulder beetles
  A death knight (D:15)
  A spriggan skeleton (Depths:2)
  A catoblepas (Lair:4)
  15 centaur warriors
  The ghost of ders the Devastator, a journeyman GrEE of Sif Muna (Lair:3)
  23 dancing weapons
  3 ghost crabs
  5 two-headed ogres
  8 deep troll shamans
  7 alligators
  2 hell hogs (Depths:3)
  8 deep troll earth magi
  A vampire mage (D:15)
  16 naga warriors
  The ghost of TheSexyCheese the Trooper, a novice OgFE of Vehumet (D:7)
  Urug (Lair:2)
  6 shock serpents
  14 deep elf knights
  7 tengu warriors
  5 orc high priests (Orc:2)
  2 spriggan berserkers
  2 sun demons (Depths:2)
  19 naga sharpshooters
  Sonja (D:12)
  13 hell knights
  5 skeletal warriors
  A soul eater (Depths:3)
  A titan skeleton (Depths:2)
  Lodul (D:13)
  7 iron trolls
  Amaemon (Lair:1)
  3 goliath frogs
  A skyshark (Lair:4)
  2 flayed ghosts
  10 swamp dragons
  6 spriggan druids
  A swamp dragon (shapeshifter) (Vaults:5)
  3 glowing orange brains
  57 deep trolls
  2 spectral hydras (Swamp:4)
  8 salamander mystics
  8 naga ritualists
  4 bog bodies
  7 wizards
  Pikel (D:8)
  4 lindwurms
  12 ironbound convokers
  10 phantasmal warriors
  A harpy (Lair:5)
  7 mana vipers
  10 deep elf archers
  23 deep elf pyromancers
  27 deep elf zephyrmancers
  10 orc knights
  34 ugly things
  4 necromancers
  4 orc sorcerers
  Maurice (D:11)
  6 cyclopes
  A worldbinder (Gauntlet)
  3 oklob plants (Swamp:4)
  A tengu skeleton (Depths:2)
  6 manticores
  4 will-o-the-wisps
  5 elephants
  4 moths of wrath
  16 salamanders
  2 smoke demons
  2 rust devils (Depths:2)
  42 black mambas
  27 naga magi
  6 guardian serpents
  12 vault sentinels
  5 torpor snails
  An ice statue (IceCv)
  2 orange demons
  A gargoyle (D:9)
  9 cane toads
  2 unseen horrors
  11 komodo dragons
  An anaconda simulacrum (IceCv)
  4 rime drakes
  6 freezing wraiths
  A rime drake (shapeshifter) (D:14)
  26 yaktaurs
  An efreet (D:14)
  2 ice devils (IceCv)
  3 red devils
  A bloated husk (Swamp:3)
  2 hellwings (Depths:2)
  A polar bear (Lair:4)
  A death drake zombie (Swamp:4)
  9 tyrant leeches
  6 meliai
  25 hornets
  8 trolls
  2 wind drakes (Lair:5)
  A raiju (Snake:4)
  Prince Ribbit (Lair:1)
  2 hydra skeletons (Swamp:4)
  19 blink frogs
  2 death drake skeletons (Swamp:4)
  5 dream sheep (Lair:5)
  2 snapping turtles (Lair:5)
  A fire giant simulacrum (Depths:2)
  A shadow (D:10)
  6 air elementals
  2 vampires
  19 spriggans
  A dire elephant simulacrum (IceCv)
  12 water elementals
  9 wyverns
  42 yaks
  A centaur simulacrum (D:15)
  33 slime creatures
  3 fire elementals
  A human (shapeshifter) (Vaults:5)
  8 wraiths
  Eustachio (D:6)
  3 basilisks
  A redback (Vaults:2)
  A chaos spawn (Depths:2)
  2 steam dragons (Lair:5)
  8 vampire mosquitoes
  A neqoxec (Depths:2)
  6 wargs
  Menkaure (D:6)
  A harpy simulacrum (IceCv)
  10 swamp worms
  53 nagas
  12 water moccasins
  4 hell hounds
  2 acid dragons (D:9)
  4 hydra simulacra (Swamp:4)
  4 floating eyes
  A floating eye (shapeshifter) (Vaults:2)
  28 orc warriors
  3 swamp dragon zombies (Swamp:4)
  5 swamp drakes
  A black bear (Lair:4)
  An ice beast (D:5)
  3 boggarts
  15 ogres
  13 wolves
  8 centaurs
  A phantom (D:5)
  3 swamp dragon skeletons (Swamp:4)
  8 bullfrogs
  4 kobold brigands
  2 gnoll sergeants
  An earth elemental (Elf:3)
  A cane toad simulacrum (IceCv)
  6 two-headed ogre simulacra (IceCv)
  3 scorpions (D:5)
  8 wights
  2 elephant simulacra (IceCv)
  4 killer bees (D:9)
  3 howler monkeys
  2 hounds
  6 orc priests
  2 gnoll boudas (D:7)
  2 sleepcaps
  Jessica (D:3)
  11 orc wizards
  Ijyb (D:3)
  2 iguanas
  2 troll simulacra (IceCv)
  2 lightning spires (Swamp:2)
  Terence (D:3)
  5 spriggan simulacra (IceCv)
  2 polar bear simulacra (IceCv)
  A wolf simulacrum (IceCv)
  A boggart simulacrum (D:14)
  33 gnolls
  9 adders
  6 naga simulacra (IceCv)
  15 white imps
  9 ufetubi
  5 worms
  4 dart slugs
  46 orcs
  8 bats
  7 endoplasms
  4 giant cockroaches
  13 goblins
  10 hobgoblins
  6 jackals (D:2)
  A quokka (D:1)
  12 ball pythons
  3 frilled lizards
  25 kobolds
  8 rats (D:1)
  A spectral orc (D:3)
  2 ball lightnings (Swamp:2)
1823 creatures vanquished.

Vanquished Creatures (collateral kills)
  An entropy weaver (Vaults:2)
  A naga warrior (Snake:3)
  An ironbound convoker (Vaults:2)
  2 naga ritualists
  A deep elf pyromancer (Elf:2)
  3 mana vipers
  A deep elf zephyrmancer (Elf:2)
  A black mamba (Snake:4)
  2 naga magi
  A troll (D:12)
  A centaur simulacrum (D:14)
  2 nagas
17 creatures vanquished.

Vanquished Creatures (others)
  2 deep elf zephyrmancers
  3 bloated husks
  A hornet (Swamp:4)
  2 swamp drakes (Swamp:4)
  An orc wizard (Orc:2)
  A bush (Lair:1)
  3 demonic plants (Gauntlet)
  12 foxfires
  33 fungi
  116 plants
  58 spectral weapons
  16 withered plants (Gauntlet)
248 creatures vanquished.

Grand Total: 2088 creatures vanquished

Notes
Turn   | Place    | Note
-------+----------+-------------------------------------------
     0 | D:1      | jejorda2 the Merfolk Berserker began the quest for the Orb.
     0 | D:1      | Reached XP level 1. HP: 18/18 MP: 1/1
     0 | D:1      | Noticed a red draconian
     0 | D:1      | Noticed a shadow dragon
     3 | D:1      | Noticed an iron dragon
     5 | D:1      | Noticed an iron dragon
     6 | D:1      | Noticed an orb of fire
     7 | D:1      | Noticed an orb of fire
     8 | D:1      | Noticed a red draconian
     9 | D:1      | Noticed an ice dragon
    11 | D:1      | Noticed an ice dragon
    11 | D:1      | Noticed a green draconian
    14 | D:1      | Noticed a large abomination
    14 | D:1      | Noticed a tentacled monstrosity
    16 | D:1      | Noticed an ice dragon
    16 | D:1      | Noticed a shadow dragon
    18 | D:1      | Noticed a large abomination
    18 | D:1      | Noticed an iron dragon
    20 | D:1      | Noticed an ice dragon
    20 | D:1      | Noticed an ice dragon
    22 | D:1      | Noticed a purple draconian
   132 | D:1      | Reached XP level 2. HP: 24/24 MP: 2/2
   416 | D:1      | Reached skill level 5 in Polearms
   423 | D:1      | Reached XP level 3. HP: 30/30 MP: 3/3
   460 | D:1      | Reached ** piety under Trog
   971 | D:2      | Reached XP level 4. HP: 37/37 MP: 4/4
  1048 | D:2      | Found a faded altar of an unknown god.
  1077 | D:2      | Reached skill level 6 in Polearms
  1590 | D:3      | Reached XP level 5. HP: 43/43 MP: 5/5
  1704 | D:3      | Noticed Terence
  1709 | D:3      | Killed Terence
  1710 | D:3      | Reached skill level 7 in Polearms
  1776 | D:3      | Noticed Jessica
  1786 | D:3      | Killed Jessica
  1915 | D:3      | Reached XP level 6. HP: 48/50 MP: 6/6
  2010 | D:3      | Found a basalt altar of Yredelemnul.
  2038 | D:3      | Reached *** piety under Trog
  2157 | D:3      | Noticed Ijyb
  2173 | D:3      | Killed Ijyb
  2174 | D:3      | Reached skill level 5 in Fighting
  2403 | D:3      | Found a broken altar of Ashenzari.
  2452 | D:3      | Found an iron altar of Okawaru.
  2599 | D:4      | Found an ancient bone altar of Kikubaaqudgha.
  2612 | D:4      | Reached skill level 8 in Polearms
  3153 | D:4      | Found a shimmering altar of Xom.
  3153 | D:4      | Found a shimmering altar of Xom.
  3166 | D:4      | Found a shimmering altar of Xom.
  3294 | D:4      | Found an ornate altar of the Wu Jian Council.
  3300 | D:4      | Found a sparkling altar of Nemelex Xobeh.
  3304 | D:4      | Found a radiant altar of Vehumet.
  3343 | D:5      | Entered Level 5 of the Dungeon
  3372 | D:5      | Reached XP level 7. HP: 55/56 MP: 7/7
  3565 | D:5      | Reached skill level 1 in Throwing
  3784 | D:5      | Found a stormy altar of Qazlal.
  3821 | D:5      | Reached skill level 9 in Polearms
  4321 | D:5      | Reached XP level 8. HP: 57/64 MP: 8/8
  4703 | D:6      | Identified the ring "Suivuizy" {rC+ EV+5 Dex+4}
  4754 | D:6      | Reached **** piety under Trog
  4807 | D:6      | Reached skill level 10 in Polearms
  4873 | D:6      | Found a burning altar of Makhleb.
  4975 | D:6      | Noticed Eustachio
  4990 | D:6      | Killed Eustachio
  5143 | D:6      | Noticed Menkaure
  5157 | D:6      | Killed Menkaure
  5662 | D:7      | Found a runed translucent door.
  5667 | D:7      | Noticed TheSexyCheese's ghost (novice OgFE)
  5772 | D:7      | Reached skill level 11 in Polearms
  5970 | D:7      | Reached XP level 9. HP: 69/69 MP: 9/9
  6018 | D:7      | Found a staircase to the Ecumenical Temple.
  6576 | D:7      | Killed TheSexyCheese's ghost
  6577 | D:7      | Reached skill level 12 in Polearms
  6729 | D:8      | Found a staircase to the Lair.
  6840 | D:8      | Noticed a manticore
  6856 | D:8      | Killed a manticore
  6857 | D:8      | Reached skill level 5 in Throwing
  6982 | D:8      | Reached skill level 13 in Polearms
  7010 | D:8      | Reached XP level 10. HP: 76/76 MP: 10/10
  7021 | D:8      | Reached skill level 5 in Armour
  7137 | D:8      | Reached skill level 14 in Polearms
  7226 | D:8      | Noticed a deep elf pyromancer
  7249 | D:8      | Killed a deep elf pyromancer
  7402 | D:8      | Found Xuph's Mass Market.
  7430 | D:9      | Noticed a gargoyle
  7437 | D:9      | Killed a gargoyle
  7536 | D:9      | Noticed Harold
  7536 | D:9      | Noticed Pikel
  7536 | D:9      | Noticed a two-headed ogre
  7552 | D:8      | Killed a two-headed ogre
  7553 | D:8      | Reached skill level 15 in Polearms
  7560 | D:8      | Killed Pikel
  7775 | D:9      | Reached XP level 11. HP: 84/84 MP: 11/11
  8006 | D:9      | Killed Harold
  8007 | D:9      | Reached skill level 16 in Polearms
  8183 | D:9      | Found a glowing golden altar of the Shining One.
  8284 | D:9      | Found a snail-covered altar of Cheibriados.
  8381 | D:9      | Found a staircase to the Orcish Mines.
  8487 | Lair:1   | Entered Level 1 of the Lair of Beasts
  8745 | Lair:1   | Noticed Prince Ribbit
  8774 | Lair:1   | Killed Prince Ribbit
  8780 | Lair:1   | Reached skill level 17 in Polearms
  8924 | Lair:1   | Noticed Gastronok
  8942 | Lair:1   | Killed Gastronok
  9249 | Lair:1   | Noticed Amaemon
  9262 | Lair:1   | Killed Amaemon
  9451 | Lair:1   | Noticed a boulder beetle
  9469 | Lair:1   | Killed a boulder beetle
  9667 | Lair:1   | Reached skill level 18 in Polearms
  9747 | Lair:2   | Noticed Urug
  9768 | Lair:2   | Killed Urug
  9769 | Lair:2   | Reached XP level 12. HP: 61/97 MP: 12/12
  9894 | Lair:2   | Reached skill level 10 in Fighting
 10230 | Lair:2   | Found a runed translucent gate.
 10230 | Lair:2   | Found a runed translucent gate.
 10230 | Lair:2   | Found a runed translucent gate.
 10232 | Lair:2   | Noticed jasper's ghost (journeyman DsAE)
 10798 | Lair:2   | Found a viscous altar of Jiyva.
 10890 | Lair:3   | Reached skill level 19 in Polearms
 10966 | Lair:3   | Found a staircase to the Swamp.
 11024 | Lair:3   | Found a staircase to the Snake Pit.
 11069 | Lair:3   | Found a runed translucent door.
 11069 | Lair:3   | Noticed ders's ghost (journeyman GrEE)
 11073 | Lair:3   | Reached ***** piety under Trog
 11256 | Lair:3   | Found the +7 Spriggan's Knife {stab, EV+4 Stlth+}
 11256 | Lair:3   | You fall into a shaft and drop 2 floors!
 11256 | Lair:5   | Entered Level 5 of the Lair of Beasts
 11818 | Lair:3   | Killed ders's ghost
 11829 | Lair:3   | Reached skill level 20 in Polearms
 11829 | Lair:3   | Reached XP level 13. HP: 109/109 MP: 13/13
 11915 | Lair:4   | Reached skill level 1 in Evocations
 12185 | Lair:4   | Found a staircase to the Slime Pits.
 12671 | Lair:5   | Reached XP level 14. HP: 116/116 MP: 14/14
 12987 | Lair:5   | Reached skill level 5 in Evocations
 14074 | Lair:5   | Reached skill level 10 in Throwing
 14987 | D:10     | Entered Level 10 of the Dungeon
 15106 | D:10     | Identified a scroll of acquirement
 15107 | D:10     | Acquired a manual of Throwing
 15142 | D:10     | Reached skill level 21 in Polearms
 15224 | D:10     | Noticed Josephine
 15242 | D:10     | Killed Josephine
 15522 | D:10     | Noticed Erolcha
 15532 | D:10     | Killed Erolcha
 15559 | D:10     | Found a shimmering blue altar of Sif Muna.
 15630 | D:10     | Found a shadowy altar of Dithmenos.
 16205 | D:11     | Noticed Maurice
 16210 | D:11     | Killed Maurice
 16943 | D:12     | Noticed Sonja
 16977 | D:12     | Killed Sonja
 17040 | D:12     | Found a transporter.
 17044 | D:12     | Found a transporter.
 17045 | D:12     | Found a bloodstained altar of Trog.
 17081 | D:12     | Noticed Juicyj's ghost (journeyman MiFi)
 17244 | D:12     | Noticed Nessos
 17246 | D:12     | Reached XP level 15. HP: 112/115 MP: 15/15
 17252 | D:12     | Killed Nessos
 17253 | D:12     | Reached skill level 22 in Polearms
 17669 | D:12     | Killed Juicyj's ghost
 17881 | D:13     | Noticed Lodul
 17886 | D:13     | Killed Lodul
 18348 | D:13     | Noticed Snorg
 18358 | D:13     | Killed Snorg
 18359 | D:13     | Reached skill level 23 in Polearms
 18925 | D:14     | Found Karruopn's Book Shop.
 19104 | D:14     | Found a sacrificial altar of Ru.
 19831 | D:14     | Found a gate to the Vaults.
 19845 | D:14     | Reached skill level 15 in Throwing
 19947 | D:14     | Acquired the +0 pair of gloves "Ihami" {Regen+}
 20041 | D:15     | Entered Level 15 of the Dungeon
 20059 | D:15     | Found a gate leading to a gauntlet.
 20076 | Gauntlet | Entered a Gauntlet
 20076 | Gauntlet | Found a transporter.
 20120 | Gauntlet | Found a transporter.
 20130 | Gauntlet | Found a transporter.
 20135 | Gauntlet | Found a transporter.
 20150 | Gauntlet | Found a transporter.
 20169 | Gauntlet | Found a transporter.
 20181 | Gauntlet | Found a transporter.
 20193 | Gauntlet | Found a transporter.
 20205 | Gauntlet | Found a transporter.
 20217 | Gauntlet | Found a transporter.
 20236 | Gauntlet | Found a transporter.
 20251 | Gauntlet | Found a transporter.
 20253 | Gauntlet | Found a transporter.
 20280 | Gauntlet | Found a transporter.
 20280 | Gauntlet | Found a transporter.
 20300 | Gauntlet | Found a transporter.
 20378 | Gauntlet | Found a transporter.
 20398 | Gauntlet | Found a transporter.
 20516 | Gauntlet | Reached skill level 24 in Polearms
 20553 | Gauntlet | Identified the ring "Puhaogh" {Contam rPois Will+ SInv}
 20665 | Gauntlet | Identified the +10 bardiche of Siroeq {flame, Fly rF+ Int+2
                  | Dex+3}
 20693 | Gauntlet | Identified the +6 chain mail of the Mackerel {Int+8 Dex+3}
 20721 | Gauntlet | Identified the staff of fire "Nerirat" {rPois rF+ Str+5
                  | Int+3}
 20834 | D:15     | Found a transporter.
 20836 | D:15     | Found a transporter.
 20840 | D:15     | Found a transporter.
 20868 | D:15     | Found a transporter.
 21165 | D:15     | Reached XP level 16. HP: 126/129 MP: 16/16
 21358 | D:15     | Found a staircase to the Depths.
 21710 | Orc:1    | Entered Level 1 of the Orcish Mines
 21710 | Orc:1    | Found a burning altar of Makhleb.
 21721 | Orc:1    | Reached skill level 5 in Dodging
 21855 | Orc:1    | Found a dark tunnel.
 21865 | Volcano  | Entered a volcano
 22256 | Orc:2    | Entered Level 2 of the Orcish Mines
 22257 | Orc:2    | Found a frozen archway.
 22264 | IceCv    | Entered an ice cave
 22541 | IceCv    | Received a gift from Trog
 22850 | Orc:2    | Found Teptuum's Book Emporium.
 22854 | Orc:2    | Reached skill level 10 in Armour
 23086 | Orc:2    | Found Genloezu's Assorted Antiques.
 23140 | Orc:2    | Bought a scroll labelled QINORE CAREH for 30 gold pieces
 23179 | Orc:2    | Found a staircase to the Elven Halls.
 23182 | Orc:2    | Found Qeycing's General Store.
 23248 | Orc:2    | Found Ablaule's Vocational Training.
 23279 | Orc:2    | Found Immuw's Antique Weapon Boutique.
 23396 | Orc:2    | Found Qeamack's Antique Armour Emporium.
 23427 | Orc:2    | Found a runed translucent gate.
 23431 | Orc:2    | Found a runed translucent gate.
 23432 | Orc:2    | Found a runed translucent gate.
 23441 | Orc:2    | Noticed pokeman's ghost (journeyman DEHW)
 23450 | Orc:2    | Killed pokeman's ghost
 23644 | Orc:2    | Bought an ichor-stained cloak for 304 gold pieces
 23644 | Orc:2    | Identified the +1 cloak of Ashenzari's Vengeance {Fly
                  | Regen+ Stlth+} (You bought it in a shop on level 2 of the
                  | Orcish Mines)
 23681 | Orc:2    | Bought a manual of Evocations for 1040 gold pieces
 23816 | Swamp:1  | Entered Level 1 of the Swamp
 23912 | Swamp:1  | Identified the +6 mace "Veuxidas" {antimagic, rF+ rCorr}
 23925 | Swamp:1  | Received a gift from Trog
 24469 | Swamp:2  | Reached XP level 17. HP: 133/135 MP: 17/17
 24902 | Swamp:2  | Reached skill level 10 in Evocations
 25059 | Swamp:3  | Received a gift from Trog
 25383 | Swamp:4  | Entered Level 4 of the Swamp
 25486 | Swamp:3  | Reached ****** piety under Trog
 25972 | Swamp:4  | Received a gift from Trog
 26026 | Swamp:4  | Found a blossoming altar of Fedhas.
 26067 | Swamp:4  | Found a basalt altar of Yredelemnul.
 26082 | Swamp:4  | Got a decaying rune of Zot
 26206 | Swamp:4  | Noticed Louise
 26223 | Swamp:4  | Killed Louise
 26301 | Swamp:4  | Paralysed by a fenstrider witch for 2 turns
 26316 | Swamp:4  | Noticed a tentacled monstrosity
 26324 | Swamp:4  | Killed a tentacled monstrosity
 26477 | Snake:1  | Entered Level 1 of the Snake Pit
 26531 | Snake:1  | Reached XP level 18. HP: 119/147 MP: 18/18
 26675 | Snake:1  | Reached skill level 10 in Dodging
 27060 | Snake:1  | Received a gift from Trog
 28047 | Snake:2  | Reached skill level 15 in Fighting
 28490 | Snake:3  | Found Ishrimyu's Distillery.
 28552 | Snake:3  | Received a gift from Trog
 29390 | Snake:3  | Reached skill level 1 in Stealth
 29547 | Snake:4  | Entered Level 4 of the Snake Pit
 29637 | Snake:4  | Received a gift from Trog
 29823 | Snake:4  | Reached XP level 19. HP: 149/156 MP: 19/19
 30267 | Snake:4  | Reached skill level 5 in Stealth
 30682 | Snake:4  | Got a serpentine rune of Zot
 30934 | Snake:4  | Received a gift from Trog
 31513 | Elf:1    | Entered Level 1 of the Elven Halls
 31627 | Elf:1    | Found Lopaf's General Store.
 31632 | Elf:1    | Found Xudix's Assorted Antiques.
 32119 | Elf:1    | Reached skill level 15 in Armour
 32126 | Elf:1    | Received a gift from Trog
 32439 | Elf:2    | Paralysed by an air elemental for 1 turns
 32444 | Elf:2    | Paralysed by an air elemental for 1 turns
 32547 | Elf:2    | Paralysed by an air elemental for 1 turns
 32568 | Elf:2    | Reached XP level 20. HP: 106/167 MP: 20/20
 32612 | Elf:2    | Found a runed translucent gate.
 32612 | Elf:2    | Found a runed translucent gate.
 32614 | Elf:2    | Found a runed translucent gate.
 32784 | Elf:2    | Paralysed by an air elemental for 1 turns
 32958 | Elf:2    | Received a gift from Trog
 33358 | Elf:3    | Entered Level 3 of the Elven Halls
 33484 | Elf:3    | Found Jear's Weapon Boutique.
 33780 | Elf:3    | Paralysed by an air elemental for 1 turns
 33782 | Elf:3    | Paralysed by an air elemental for 1 turns
 34546 | Elf:3    | Identified the +5 dagger of Integrity {speed, rPois rN+
                  | Int+2}
 34546 | Elf:3    | Identified the +10 plate armour of the Slug {rF+ rC+ Str+4
                  | Stlth+}
 34577 | Elf:3    | Identified the +4 dagger of Deurrosm {freeze, rF+ Dex+3
                  | SInv}
 34580 | Elf:3    | Identified the +4 spear of the End {flame, +Blink Int+3
                  | Stlth+}
 34602 | Elf:3    | Received a gift from Trog
 34603 | Elf:3    | Identified the +1 hand axe of Zecypripp {protect, rN+}
 34616 | Elf:3    | Paralysed by an air elemental for 1 turns
 34642 | Elf:3    | Identified the quicksilver dragon scales of the Abyss
                  | {*Corrode Will+ Str+8 Int+2}
 34903 | Elf:3    | Identified the staff of earth "Eqinoj Buimn" {rCorr SInv}
 35256 | Vaults:1 | Entered Level 1 of the Vaults
 35560 | Vaults:1 | Noticed a golden dragon
 35570 | Vaults:1 | Killed a golden dragon
 35662 | Vaults:1 | Reached XP level 21. HP: 172/177 MP: 21/21
 35976 | Vaults:1 | Received a gift from Trog
 36349 | Vaults:1 | Found Umawk's General Store.
 37323 | Vaults:2 | Received a gift from Trog
 38185 | Vaults:3 | Reached skill level 25 in Polearms
 38263 | Vaults:3 | Found Legeotone's Jewellery Emporium.
 38339 | Vaults:3 | Received a gift from Trog
 38466 | Vaults:3 | Found a staircase to the Crypt.
 38636 | Vaults:3 | Found Ozorgh's Weapon Emporium.
 38667 | Vaults:3 | Reached XP level 22. HP: 146/188 MP: 22/22
 38687 | Vaults:3 | Identified the +6 great sword "Igoutar" {heavy, rPois
                  | Dex+2} (Trog gifted it to you on level 3 of the Vaults)
 38687 | Vaults:3 | Received a gift from Trog
 38753 | Vaults:3 | Bought the +5 glaive of the Guard {elec, spectral, AC+5}
                  | for 1522 gold pieces
 38753 | Vaults:3 | Found the +5 glaive of the Guard {elec, spectral, AC+5}
 39532 | Vaults:4 | Identified the +2 ring mail of Xag Ireo {rElec Will- Dex+7}
 39599 | Vaults:4 | Received a gift from Trog
 40390 | Vaults:4 | Noticed Donald
 40395 | Vaults:4 | Killed Donald
 41252 | Vaults:5 | Entered Level 5 of the Vaults
 41307 | Vaults:5 | Received a gift from Trog
 41309 | Vaults:5 | Noticed a golden dragon
 41321 | Vaults:5 | Killed a golden dragon
 41466 | Vaults:5 | Identified the staff of cold "Mougoi" {rPois rC+ rN++
                  | Str+3}
 41473 | Vaults:5 | Reached skill level 26 in Polearms
 41868 | Vaults:5 | Got a silver rune of Zot
 41878 | Vaults:5 | Identified the +11 lajatang of Uncertain Death {vamp,
                  | +Blink rElec}
 41985 | Vaults:5 | Received a gift from Trog
 42027 | Vaults:5 | Identified the ring of Divine Intervention {rPois MP+9
                  | Str+3}
 42104 | Vaults:5 | Reached XP level 23. HP: 189/197 MP: 23/23
 42126 | Vaults:5 | Noticed an ancient lich
 42138 | Vaults:5 | Killed an ancient lich
 42440 | Vaults:5 | Noticed a golden dragon
 42454 | Vaults:5 | Killed a golden dragon
 42497 | Vaults:5 | Identified the staff of air "Joxt" {rElec rC+}
 42573 | Vaults:5 | Identified the staff of death "Qeuju Att" {rPois rN+
                  | Stlth+}
 42609 | Vaults:5 | Identified the +1 arbalest of the Trees {antimagic, Fragile
                  | +Blink rN+ Str+4}
 43424 | Depths:1 | Entered Level 1 of the Depths
 43424 | Depths:1 | Found a one-way gateway to a ziggurat.
 43436 | Depths:1 | Paralysed by a floating eye for 2 turns
 43477 | Depths:1 | Paralysed by a floating eye for 3 turns
 43576 | Depths:1 | Paralysed by a floating eye for 4 turns
 43587 | D:15     | Identified the +7 glaive "Geom" {flame, Will+ Dex+3 Stlth+}
                  | (Trog gifted it to you on level 15 of the Dungeon)
 43587 | D:15     | Received a gift from Trog
 43652 | Depths:1 | Paralysed by a floating eye for 4 turns
 43729 | Depths:1 | Paralysed by a floating eye for 4 turns
 43736 | Depths:1 | Paralysed by a floating eye for 4 turns
 43742 | Depths:1 | Paralysed by a floating eye for 2 turns
 44042 | Depths:1 | Reached skill level 27 in Polearms
 44294 | Depths:1 | Found a gateway to Hell.
 45061 | Depths:2 | Received a gift from Trog
 45324 | Depths:2 | Reached XP level 24. HP: 208/208 MP: 23/23
 45703 | Depths:2 | Paralysed by a floating eye for 3 turns
 45799 | Depths:2 | Found Unkero's Book Shoppe.
 45801 | Depths:2 | Noticed Aizul
 45806 | Depths:2 | Killed Aizul
 45950 | Depths:2 | Found a one-way gate leading to the halls of Pandemonium.
 46301 | Depths:3 | Noticed the Enchantress
 46409 | Depths:3 | Received a gift from Trog
 46414 | Depths:3 | Noticed Xtahua
 46431 | Depths:2 | Killed Xtahua
 46515 | Depths:3 | Found a one-way gate to the infinite horrors of the Abyss.
 46552 | Depths:3 | Noticed Sojobo
 46552 | Depths:3 | Noticed a caustic shrike
 46556 | Depths:3 | Paralysed by an air elemental for 1 turns
 46569 | Depths:3 | Killed a caustic shrike
 46570 | Depths:3 | Paralysed by an air elemental for 1 turns
 46579 | Depths:3 | Killed Sojobo
 47000 | Depths:3 | Received a gift from Trog
 47021 | Depths:3 | Identified the amulet "Luuddoatuff" {Faith rC++}
 47039 | Depths:3 | Identified the +5 ring mail of Monotheism {Will+ rCorr
                  | Dex-4}
 47149 | Depths:3 | Noticed a caustic shrike
 47160 | Depths:3 | Killed a caustic shrike
 47218 | Depths:3 | Found a snail-covered altar of Cheibriados.
 47231 | Depths:3 | Identified the +1 long sword of Beogh's Brutal Revenge
                  | {freeze, rF+}
 47321 | Depths:3 | Killed the Enchantress
 47409 | Depths:3 | Identified the -1 pair of boots of Ukoqedgh {Fly rElec
                  | Regen+ SInv}
 47567 | Depths:3 | Reached XP level 25. HP: 171/219 MP: 23/23
 47660 | Depths:4 | Entered Level 4 of the Depths
 47867 | Depths:4 | Found Saugguor's Book Shop.
 47869 | Depths:4 | Found Ceateuf's Jewellery Emporium.
 47870 | Depths:4 | Found Esirgh's Book Shop.
 48478 | Depths:4 | Found a gate to the Realm of Zot.
 48715 | Zot:1    | Entered Level 1 of the Realm of Zot
 49088 | Zot:1    | HP: 9/331 [green draconian monk (12)]
 49089 | Zot:1    | Slain by a green draconian monk

Illustrated notes

Levels and vault maps discovered:
D:1:      shiori_arrival_whats_in_store_for_you, layout_loops_cross,
          grunt_decor_junction
D:2:      layout_rooms, hellmonk_ecumenical_altar_dog_temple
D:3:      cheibrodos_greedy_goblins, layout_loops_cross,
          yredelemnul_forgotten_temple_becter, okawaru_metal_pillars_3,
          mainiacjoe_overflow_six_doors_small,
          hangedman_abyss_or_decor_lesser_grid, grunt_decor_mini_mirrors,
          uniq_ijyb, uniq_terence, uniq_jessica
D:4:      layout_basic, xom_redecorated, mainiacjoe_overflow_cross_hatched,
          grunt_temple_overflow_diamond, minmay_misc_feat_encased
D:5:      layout_basic, nicolae_overflow_hidden_temple, grunt_ministairs_13
D:6:      layout_basic, mainiacjoe_overflow_chevrons, uniq_eustachio,
          uniq_menkaure
D:7:      layout_loops_corners, minmay_temple_entry_arrows,
          ebering_ghost_inner_flame
D:8:      layout_basic, lair_entry_dummy, chequers_serial_rivers_small_3,
          minmay_shop_mass
D:9:      layout_basic, nicolae_tso_carved_into_rock, kennysheep_slug_shrine,
          orc_0_dummy, uniq_harold, uniq_pikel
D:10:     layout_loops_ring, tgw_sif, grunt_dithmenos_shadows, uniq_josephine,
          uniq_erolcha
D:11:     layout_long_grid, uniq_maurice
D:12:     layout_loops_ring, gammafunk_ghost_wrathful_warriors, uniq_nessos,
          uniq_sonja
D:13:     layout_roguey, minmay_misc_feat_enclosed, uniq_lodul, uniq_snorg
D:14:     layout_rooms, skrybe_vaults_entry_preservation, serial_shops,
          nicolae_book_shop_shelving, nicolae_ru_path_of_blood
D:15:     hangedman_depths_entry_civil_slaughter, layout_loops_cross,
          gauntlet_entry_generic, hangedman_decor_growths,
          minmay_misc_feat_pillars, nicolae_transporter_circle
Lair:1:   layout_gridlike, beast_lair_carwin_4, uniq_prince_ribbit2,
          uniq_amaemon, uniq_gastronok
Lair:2:   layout_roguey, gammafunk_ghost_ooze, serial_forest,
          infiniplex_forest_end_3, infiniplex_forest_straight_5,
          infiniplex_forest_clump_curved, infiniplex_forest_clump_medium,
          infiniplex_forest_straight_1, infiniplex_forest_lined_room_2,
          serial_bayou_shore_b, uniq_urug
Lair:3:   layout_regular_city, swamp_mist, guppyfry_snake_entry_garden,
          hellmonk_ghost_happy_afterlife, infiniplex_staircase_pool_2
Lair:4:   layout_roguey, slime_entry_1, st_stairs_3
Lair:5:   gammafunk_lair_ancient_temple, layout_cave_pods
Swamp:1:  layout_falls_marsh, evilmike_swamp_ruin_house_2
Swamp:2:  layout_falls_marsh, nicolae_swamp_triple_paths, swamp_pool2,
          hangedman_swamp_phenomena
Swamp:3:  layout_falls_marsh, serial_swamp_ruin, evilmike_swamp_ruin_rubble_1,
          hangedman_swamp_ruin_wall
Swamp:4:  byrel_swamp_growth_death_and_undeath, layout_basic_swamp,
          infiniplex_staircase_pool, uniq_louise
Snake:1:  layout_cave_shapes
Snake:2:  layout_basic
Snake:3:  layout_cave_shapes, serial_shops, nicolae_shop_statue_plus,
          grunt_megastairs_2
Snake:4:  snake_pit, layout_cave_town, beargit_elvish_explorers
Orc:1:    layout_caves, basic_altar, enter_volcano_3
Orc:2:    grunt_orc_gardens, layout_diamond_mine, grunt_orc_garden,
          grunt_orc_garden, grunt_orc_garden, grunt_orc_garden,
          ebering_ghost_rock_garden, serial_shops, shop,
          portal_ice_cave_entry_pillars_2, basic_altar, nicolae_shop_vocational
Elf:1:    minmay_elf_arrival_circle, layout_gridlike, hangedman_elf_represent,
          ebering_dispersal_statue_hall, minmay_shop_star
Elf:2:    elven_hall_of_blades_hangedman_original [grunt_blade_entry_basic],
          layout_gridlike
Elf:3:    minmay_elf_hall_not_hex, layout_geoelf_castle, serial_shops, shop,
          serial_sigils_hangedman_carve
Vaults:1: nicolae_vaults_sightless_eye, hangedman_vaults_capsules,
          nicolae_vaults_circle_grid_a, v_misc_5,
          vaults_room_grunt_arrival_ludios, ontoclasm_vaults_tryst,
          vaults_standard_mumra_x, v_misc_29, ontoclasm_vaults_pinch,
          nicolae_vaults_diagonal_hallway_8, nicolae_vaults_double_plus_1,
          nicolae_vaults_shipping_containers_6, nicolae_vaults_hallways_thing,
          layout_vaults_maze_bifur, serial_shops, nicolae_shop_back_alley_shop
Vaults:2: nicolae_vaults_sealed_display, v_pattern_3, v_misc_9,
          hangedman_vaults_slice, nicolae_vaults_quartermaster,
          nicolae_vaults_trapezoid_lopsided_4, nicolae_vaults_two_Ls,
          nicolae_vaults_tetromino_L_1, nicolae_vaults_double_plus_1,
          vaults_room_pool, vaults_dpeg_ring, layout_vaults_chaotic_city
Vaults:3: dpeg_vaults_monster_box, nicolae_vaults_security_offices_5,
          nicolae_vaults_trapezoid_lopsided_3, nicolae_vaults_border_crossing,
          minmay_crypt_entry_simple_box, nicolae_vaults_closet_pinwheel_3,
          nicolae_vaults_little_squares_5, vaults_room_fancy_cross,
          vaults_dpeg_emergency_exit, layout_vaults_quadrants, serial_shops,
          shop
Vaults:4: vaults_mumra_chevron_long, nicolae_vaults_little_squares_5,
          v_alt_pattern_2, nicolae_vaults_shrinking_rooms_2,
          nicolae_vaults_tetromino_Z_2, nicolae_vaults_little_squares_4,
          nicolae_vaults_diamond_1, nicolae_vaults_apartment_1,
          nicolae_vaults_little_squares_5, layout_vaults_omnicross, uniq_donald
Vaults:5: serial_shops
Depths:1: layout_cave_pools, enter_ziggurat_c, serial_bayou_shore_a,
          serial_sigils, serial_sigils_hangedman_scratch,
          serial_sigils_hangedman_gut, serial_sigils_hangedman_snap,
          serial_sigils_hangedman_gut, serial_sigils_hangedman_confine,
          hell_entry
Depths:2: nzn_winding_woodlands_small [nzn_winding_woodlands_5x15_pool,
          nzn_winding_woodlands_center_lodge,
          nzn_winding_woodlands_5x15_default], layout_honeycomb, serial_shops,
          shop, hell_entry, corexii_corridor_pit, grunt_pan_entry_in_and_out,
          minmay_misc_feat_alley, infiniplex_staircase_pool_1, uniq_josephina,
          uniq_aizul
Depths:3: pf_snail_temple, layout_cave_shapes,
          nicolae_abyss_entry_one_way_or_another, hellmouth_1,
          kennysheep_two_boxes, infiniplex_staircase_zigzag_3, uniq_enchantress,
          uniq_xtahua, uniq_sojobo
Depths:4: evilmike_zot_entry_hall, layout_gridlike, minmay_misc_feat_square,
          hell_entry, serial_bayou_shore_b, minmay_shop_grove
Zot:1:    layout_misc_corridors

Skill      XL: |  1  2  3  4  5  6  7  8  9 10 11 12 13 14 15 16 17 18 19 20 21 22 23 24 25 |
---------------+----------------------------------------------------------------------------+-----
Polearms       | 5 6 7 8 9 11 13 15 18 20 21 24 25 26 27 | 27.0
Fighting       | 4 5 6 7 9 12 14 15 16 18 19 20 21 22 23 | 23.5
Armour         | 2 3 4 5 6 7 12 13 15 16 18 19 20 21 | 21.8
Throwing       | 2 3 5 6 7 12 16 | 16.0
Evocations     | 4 6 8 14 | 14.3
Dodging        | 3 9 12 13 | 13.3
Stealth        | 2 6 |  6.0

Action                     |  1- 3 |  4- 6 |  7- 9 | 10-12 | 13-15 | 16-18 | 19-21 | 22-24 | 25-27 || total
---------------------------+-------+-------+-------+-------+-------+-------+-------+-------+-------++-------
  Melee: Spear             |   117 |   250 |   266 |   372 |    62 |       |       |       |       ||  1067
         Punch             |       |     2 |     3 |     5 |       |       |       |       |       ||    10
         Glaive            |       |       |       |    98 |   244 |       |       |  1135 |   190 ||  1667
         Tailslap          |       |       |       |     3 |     6 |       |       |       |       ||     9
         Bardiche          |       |       |       |       |   472 |  1219 |  1315 |    24 |       ||  3030
  Throw: Stone             |       |       |     9 |     9 |       |       |       |       |       ||    18
         Dart              |       |       |       |    15 |    54 |     3 |    29 |    14 |       ||   115
         Javelin           |       |       |       |       |    10 |    58 |     3 |    16 |     2 ||    89
         Throwing net      |       |       |       |       |     3 |       |       |       |       ||     3
         Boomerang         |       |       |       |       |       |    48 |    34 |       |       ||    82
 Invoke: Berserk           |     1 |     3 |     6 |    12 |    23 |     9 |     6 |    11 |     1 ||    72
         Trog's Hand       |     1 |     1 |     1 |     5 |    10 |     2 |     4 |     3 |     1 ||    28
         Brothers in Arms  |       |       |       |       |     3 |     1 |     2 |     1 |       ||     7
  Evoke: Wand              |       |       |       |       |     1 |       |     1 |     1 |       ||     3
         Condenser vane    |       |       |       |       |       |     1 |       |     1 |       ||     2
         Phial of floods   |       |       |       |       |       |       |       |     1 |       ||     1
    Use: Potion            |       |     3 |       |     1 |       |     1 |     1 |     2 |       ||     8
         Scroll            |       |       |    20 |     3 |    11 |     2 |     2 |     2 |       ||    40
   Stab: Distracted        |     1 |       |       |       |     1 |       |     2 |    27 |     4 ||    35
         Invisible         |       |       |       |       |       |     3 |       |       |       ||     3
         Confused          |       |       |       |       |       |     1 |       |       |       ||     1
 Armour: Chain mail        |    48 |    73 |    55 |    42 |    21 |    35 |       |       |       ||   274
         Skin              |       |    57 |       |       |       |       |       |       |       ||    57
         Plate armour      |       |       |       |    69 |   310 |       |       |       |       ||   379
         Crystal plate arm |       |       |       |       |       |   560 |   330 |       |       ||   890
         Gold dragon scale |       |       |       |       |       |       |   219 |   648 |   146 ||  1013
  Dodge: Dodged            |    44 |    54 |    64 |   126 |   343 |   597 |   591 |   318 |    77 ||  2214
  Block: Other             |       |       |       |       |    96 |    24 |       |       |       ||   120
         Reflection        |       |       |       |       |     7 |     1 |       |       |       ||     8

Table legend: (Time is in decaauts)
 A = Elapsed time spent in this place.
 B = Non-inter-level travel time spent in this place.
 C = Inter-level travel time spent in this place.
 D = Time resting spent in this place.
 E = Time spent auto-exploring this place.
 F = Levels seen in this place.
 G = Mean time per level.
                   A        B        C        D        E       F      G
               +--------+--------+--------+--------+--------+-----+--------+
         Total |  47533 |  43004 |   4529 |   5349 |  27983 |  46 | 1033.3 |
       Dungeon |  15181 |  13716 |   1465 |   1372 |  10141 |  15 | 1012.1 |
          Lair |   6509 |   6023 |    486 |   1182 |   3842 |   5 | 1301.8 |
         Swamp |   2279 |   2132 |    147 |    340 |   1130 |   4 |  569.8 |
     Snake Pit |   4708 |   4382 |    326 |    821 |   2445 |   4 | 1177.0 |
  Orcish Mines |   1422 |   1217 |    205 |    166 |    679 |   2 |  711.0 |
   Elven Halls |   3427 |   3152 |    275 |    175 |   2049 |   3 | 1142.3 |
        Vaults |   8014 |   6745 |   1269 |    732 |   4353 |   5 | 1602.8 |
        Depths |   4427 |   4074 |    353 |    458 |   2563 |   4 | 1106.8 |
           Zot |    322 |    322 |      0 |     53 |    152 |   1 |  322.0 |
      Ice Cave |    482 |    482 |      0 |      0 |    271 |   1 |  482.0 |
       Volcano |     57 |     57 |      0 |      0 |      1 |   1 |   57.0 |
      Gauntlet |    700 |    700 |      0 |     44 |    355 |   1 |  700.0 |
               +--------+--------+--------+--------+--------+-----+--------+

Top non-repeatable levels by time:
  Lair:5: 1901 daAuts
Vaults:5: 1896 daAuts
Vaults:1: 1788 daAuts
   Elf:3: 1580 daAuts
Vaults:3: 1570 daAuts
 Snake:2: 1542 daAuts
Vaults:2: 1539 daAuts
 Snake:4: 1529 daAuts
    D:14: 1394 daAuts
  Lair:1: 1347 daAuts
Depths:2: 1335 daAuts
     D:5: 1265 daAuts
Vaults:4: 1219 daAuts
Depths:3: 1213 daAuts
    D:15: 1183 daAuts
